AoeStats
← ThePimPim

Black Forest

504034755Analyzed
3v3 RM · 29d ago on Sep 3, 2026· 36m 10s· 6 players
Game mode
Random Map
Map size
Normal (6 player)
Population
200
Speed
Normal
Resources
Standard
Victory
Conquest
Starting age
Dark Age
Ending age
Imperial Age
RankedLock teamsTeams togetherTeam positionsShared explorationLock speedFull tech treeHidden civsTurbo modeCheats
Victory
Defeat
🇪🇸 Magyars · Spain
838
+15
🇪🇸 Berbers · Spain
805
+16
🇪🇸 Bohemians · Spain
770
+18
🇪🇸 Spanish · Spain
857
-18
🇪🇸 Goths · Spain
829
-46
🇪🇸 Burgundians · Spain
751
-14
Che Guevara
3:46 Loom
11:56 Feudal Age
13:26 Double-Bit Axe
18:34 Castle Age
17:18 Stone Mining
20:07 Stone Shaft Mining
20:12 Bow Saw
22:14 Gold Mining
28:27 Fletching
31:37 Bodkin Arrow
31:42 Padded Archer Armor
34:23 Imperial Age
34:42 Ballistics
35:39 Elite Camel Archer
36:37 Bracer
36:53 Leather Archer Armor
IMANOL
2:22 Loom
10:51 Feudal Age
13:01 Double-Bit Axe
19:48 Castle Age
25:19 Bow Saw
29:44 Wagenburg Tactics
31:02 Wheelbarrow
30:43 Fervor
32:38 Chemistry
31:59 Ballistics
33:00 Fletching
33:12 Padded Archer Armor
34:34 Hand Cart
37:35 Imperial Age
Wolsitto
4:41 Loom
12:46 Feudal Age
13:28 Double-Bit Axe
13:27 Horse Collar
17:42 Stone Mining
18:03 Scale Barding Armor
20:35 Castle Age
21:44 Wheelbarrow
22:15 Bow Saw
22:08 Heavy Plow
22:02 Gold Mining
24:43 Hand Cart
25:08 Chain Barding Armor
27:46 Gold Shaft Mining
28:58 Corvinian Army
32:14 Bloodlines
32:05 Husbandry
35:38 Imperial Age
Pitroque
0:32 Loom
13:23 Feudal Age
13:44 Horse Collar
13:50 Double-Bit Axe
14:28 Heavy Plow
15:41 Bow Saw
19:37 Gold Mining
24:26 Castle Age
23:28 Gold Shaft Mining
22:45 Stone Mining
25:27 Stone Shaft Mining
25:41 Pikeman
28:51 Scale Mail Armor
36:57 Imperial Age
35:20 Burgundian Vineyards
ThePimPim
0:59 Loom
14:12 Feudal Age
15:28 Wheelbarrow
20:27 Horse Collar
20:36 Double-Bit Axe
28:32 Castle Age
31:58 Hand Cart
migueltejera
0:28 Loom
13:28 Feudal Age
13:57 Double-Bit Axe
13:54 Horse Collar
23:37 Castle Age
23:17 Stone Mining
27:37 Wheelbarrow
27:01 Pikeman
27:42 Squires
30:02 Scale Mail Armor
30:12 Forging
31:30 Padded Archer Armor
31:21 Fletching
33:15 Elite Skirmisher
35:20 Chain Mail Armor
35:21 Leather Archer Armor
35:02 Bodkin Arrow
35:42 Iron Casting
Connection lost

Rejoining the realm…

Still unreachable

The connection could not be restored.

Session expired

The server has moved on; the page needs a fresh start.